AoeStats
← sloth

MegaRandom

510271769Analyzed
2v2 RM · 1d ago on Sep 30, 2026· 31m 20s· 4 players
Game mode
Random Map
Map size
Medium (4 player)
Population
200
Speed
Normal
Resources
Standard
Victory
Conquest
Starting age
Dark Age
Ending age
Imperial Age
RankedLock teamsTeams togetherTeam positionsShared explorationLock speedFull tech treeHidden civsTurbo modeCheats
Victory
Defeat
🇮🇳 Japanese · India
1219
+18
🇩🇪 Huns · Germany
1202
+19
🇳🇿 Hindustanis · New Zealand
1266
-19
🇳🇿 Saxons · New Zealand
1263
-18
Han.
9:23 Loom
11:31 Feudal Age
16:43 Castle Age
15:03 Double-Bit Axe
15:36 Horse Collar
16:22 Fletching
17:39 Heavy Plow
20:23 Gold Mining
21:30 Bow Saw
23:48 Padded Archer Armor
24:13 Bloodlines
23:59 Town Watch
25:32 Leather Archer Armor
26:29 Husbandry
27:46 Thumb Ring
28:11 Bodkin Arrow
28:55 Ballistics
GoodBadBoi
0:35 Loom
12:33 Feudal Age
13:05 Man-at-Arms
13:37 Double-Bit Axe
14:36 Horse Collar
14:41 Fishing Lines
22:17 Castle Age
21:48 Forging
22:56 Wheelbarrow
22:50 Gillnets
23:16 Bow Saw
22:34 Elite Skirmisher
23:11 Stone Mining
25:19 Iron Casting
24:45 Gold Mining
25:37 Scale Mail Armor
25:38 Squires
27:40 Chain Mail Armor
28:15 Arson
29:50 Pikeman
32:32 Gold Shaft Mining
flame
0:34 Loom
11:29 Feudal Age
12:16 Man-at-Arms
13:49 Double-Bit Axe
16:42 Fletching
16:39 Horse Collar
24:51 Castle Age
22:46 Gold Mining
23:40 Padded Archer Armor
25:39 Bodkin Arrow
26:13 Bow Saw
26:49 Wheelbarrow
26:16 Heavy Plow
sloth
0:31 Loom
12:05 Feudal Age
13:27 Scale Barding Armor
15:14 Horse Collar
15:20 Double-Bit Axe
18:27 Wheelbarrow
22:53 Castle Age
21:59 Bloodlines
22:03 Forging
22:16 Gold Mining
24:30 Heavy Plow
25:24 Chain Barding Armor
27:29 Husbandry
Connection lost

Rejoining the realm…

Still unreachable

The connection could not be restored.

Session expired

The server has moved on; the page needs a fresh start.